 Dungeon Crawl Stone Soup version 0.19.4 (webtiles) character file.

416 Kiturien the Blocker (level 6, 0/51 HPs)
             Began as a Hill Orc Fighter on Feb 2, 2017.
             Killed from afar by an orc wizard (5 damage)
             ... with a puff of frost
             ... on level 4 of the Dungeon.
             The game lasted 00:06:46 (2760 turns).

Kiturien the Blocker (Hill Orc Fighter)             Turns: 2760, Time: 00:06:47

Health: 0/51       AC: 12    Str: 21    XL:     6   Next: 92%
Magic:  6/6        EV:  6    Int: 13    God:
Gold:   175        SH: 11    Dex: 10    Spells: 0 memorised, 5 levels left

rFire  . . .     SeeInvis .     a - +0 war axe
rCold  + . .     Gourm    .     p - +0 chain mail
rNeg   . . .     Faith    .     c - +0 shield
rPois  .         Spirit   .     y - +1 helmet
rElec  .         Reflect  .     t - +0 cloak
rCorr  .         Harm     .     (no gloves)
MR     +....                    (no boots)
Stlth  ..........               (no amulet)
                                A - ring of protection from magic
                                g - ring of protection from cold

@: brilliant, very slightly contaminated
A: no striking features
a: no special abilities


You were on level 4 of the Dungeon.
You were very hungry.

You visited 1 branch of the dungeon, and saw 4 of its levels.

You collected 175 gold pieces.

Inventory:

Hand Weapons
 a - a +0 war axe (weapon)
 h - a -2 broad axe
Armour
 c - a +0 shield (worn)
 p - a +0 chain mail (worn)
 t - a +0 cloak (worn)
 y - a +1 helmet (worn)
Jewellery
 g - a ring of protection from cold (left hand)
 A - a ring of protection from magic (right hand)
Scrolls
 e - a scroll of enchant weapon {unknown}
 i - 3 scrolls of amnesia {unknown}
 k - a scroll of magic mapping
 n - a scroll of noise {unknown}
 q - a scroll of random uselessness {unknown}
 r - a scroll of immolation {unknown}
 x - a scroll of identify
 z - a scroll of teleportation
Potions
 d - a potion of might
 j - 2 potions of lignification
 l - a potion of curing {unknown}
 m - a potion of haste
 o - a potion of resistance
 u - a potion of flight {unknown}
 v - a potion of agility {unknown}
 w - a potion of brilliance
Comestibles
 b - 2 fruits
 f - 4 bread rations


   Skills:
 - Level 3.6 Fighting
 - Level 2.6 Axes
 - Level 3.2 Armour
 + Level 8.3 Shields


You had 5 spell levels left.
You didn't know any spells.

Dungeon Overview and Level Annotations

Branches:
Dungeon (4/15)
 Temple: D:4-7

Altars:
Cheibriados
Elyvilon
Uskayaw
Xom


Message History

The orc hits you but does no damage.
There are monsters nearby!
It was a potion of brilliance.
You feel clever all of a sudden.
The orc wizard gestures wildly while chanting.
The orc wizard seems to speed up.
The orc hits you but does no damage.
Blink to where?
Press: ? - help, Dir - move target cursor You are very lightly contaminated with residual magic.
As you read the scroll of blinking, it crumbles to dust.
There is an open door here.
The orc wizard gestures at you while chanting.
The puff of flame hits you!
The orc wizard begins to cast a cantrip, but forgets the words!
There is an open door here.
The orc wizard casts a spell at you. You block the puff of frost.
The orc wizard points at you and mumbles some strange words.
The puff of frost hits you! You resist.
You die...

#######<..###..
...............#
#.#####...####.####
##...## ... # #.....#
..##. . ##...## ...#
.o ##.## ..##.# #.#
####)..# #@# #o[O...##
##'## #o###.....
##...## #.# .....
##.....## #.# ......
#......o## #.#.#.....
#.........###.........
+.>.......o...........
###############.....##
.#####


You could see an orc wizard and an orc.

Vanquished Creatures
  An ogre (D:4)
  A centaur (D:3)
  Crazy Yiuf (D:3)
  An orc priest (D:4)
  An orc wizard (D:4)
  Ijyb (D:3)
  4 adders
  2 oozes (D:1)
  2 dart slugs
  A leopard gecko (D:2)
  6 orcs
  2 ball pythons
  3 giant cockroaches
  11 goblins
  11 hobgoblins
  5 kobolds
  2 quokkas
  11 bats
  9 frilled lizards
  9 rats
84 creatures vanquished.

Notes
Turn   | Place    | Note
-------+----------+-------------------------------------------
     0 | D:1      | Kiturien the Hill Orc Fighter began the quest for the Orb.
     0 | D:1      | Reached XP level 1. HP: 19/19 MP: 1/1
    44 | D:1      | Reached XP level 2. HP: 23/26 MP: 2/2
    69 | D:1      | Reached skill level 4 in Shields
   378 | D:1      | Reached XP level 3. HP: 31/31 MP: 3/3
   701 | D:2      | Reached skill level 5 in Shields
   708 | D:2      | Reached XP level 4. HP: 25/39 MP: 4/4
  1204 | D:3      | Found a hide-covered altar of Uskayaw.
  1234 | D:3      | Found a snail-covered altar of Cheibriados.
  1271 | D:3      | Found a faded altar of an unknown god.
  1283 | D:3      | Found a white marble altar of Elyvilon.
  1502 | D:3      | Found a shimmering altar of Xom.
  1552 | D:3      | Noticed a centaur
  1560 | D:3      | Killed a centaur
  1560 | D:3      | Reached skill level 6 in Shields
  1560 | D:3      | Reached XP level 5. HP: 17/45 MP: 5/5
  1797 | D:3      | Noticed Ijyb
  1808 | D:3      | Killed Ijyb
  1808 | D:3      | Reached skill level 7 in Shields
  1816 | D:3      | Found a runed door.
  2104 | D:3      | Reached XP level 6. HP: 45/51 MP: 6/6
  2343 | D:3      | Noticed Crazy Yiuf
  2352 | D:3      | Killed Crazy Yiuf
  2712 | D:4      | Reached skill level 8 in Shields
  2760 | D:4      | Killed from afar by an orc wizard

Skill      XL: |  1  2  3  4  5  6 |
---------------+-------------------+-----
Shields        | 4 5 6 7 8 |  8.3
Fighting       | |  3.6
Axes           | |  2.6
Armour         | |  3.2

Action                   |  1- 3 |  4- 6 || total
-------------------------+-------+-------++-------
Melee: War axe           |    90 |   162 ||   252
  Use: Scroll            |       |     8 ||     8
       Potion            |       |     1 ||     1
  Eat: Royal jelly       |       |     1 ||     1
       Pizza             |       |     1 ||     1
       Fruit             |       |     2 ||     2
Armor: Scale mail        |    64 |    40 ||   104
       Chain mail        |       |    58 ||    58
Dodge: Dodged            |    56 |    30 ||    86
Block: Shield            |    76 |   108 ||   184
